 Dungeon Crawl Stone Soup version bcrawl-1.22 (webtiles) character file.

Game seed: 13981223905288554294

104 Maedhros the Charlatan (level 4, 0/28 HPs)
             Began as an Octopode Archaeologist on May 8, 2020.
             Succumbed to a worker ant's poison
             ... on level 4 of the Dungeon.
             The game lasted 00:02:22 (2010 turns).

Maedhros the Charlatan (Octopode Archaeologist)     Turns: 2010, Time: 00:02:22

Health: 0/28       AC:  2    Str: 10    XL:     4   Next: 80%
Magic:  7/7        EV: 13    Int: 16    God:
Gold:   101        SH:  3    Dex: 11    Spells: 3/3 levels left

rFire    . . .     SeeInvis .   a - +0 whip
rCold    + . .     Gourm    .   i - +0 buckler (curse)
rNeg     . . .     Faith    .   b - +1 hat
rPois    .         Spirit   .   (cloak restricted)
rElec    .         Reflect  .   (no amulet)
rCorr    .         Harm     .   j - ring of protection from cold
MR       .....                  (no ring)
Stlth    +++.......             (no ring)
HPRegen  0.09/turn              (no ring)
MPRegen  0.10/turn              (no ring)
                                (no ring)
                                (no ring)
                                (no ring)

@: lethally poisoned (0 -> -16)
A: almost no armour, stealthy swim, amphibious, 8 rings, constrict 8, camouflage
1, gelatinous body 1
a: no special abilities


You were on level 4 of the Dungeon.
You were not hungry.

You visited 1 branch of the dungeon, and saw 4 of its levels.

You collected 101 gold pieces.

Inventory:

Hand Weapons
 a - a +0 whip (weapon)
Armour
 b - a +1 hat (worn)
 i - a cursed +0 buckler (worn)
Jewellery
 j - a ring of protection from cold (left tentacle)
Scrolls
 c - 2 scrolls of magic mapping
 g - 2 scrolls of identify {unknown}
 k - a scroll of remove curse {unknown}
 l - a scroll of teleportation {unknown}
Potions
 f - a potion of might {unknown}
 h - a potion of berserk rage {unknown}
 m - a potion of curing {unknown}
Miscellaneous
 d - a dusty tome
Comestibles
 e - 5 rations {!d}


   Skills:
 - Level 1.0 Fighting
 - Level 1.0 Maces & Flails
 - Level 3.0 Dodging
 - Level 4.4 Stealth
 + Level 4.7 Evocations


You had 3 spell levels left.
You didn't know any spells.
Your spell library was empty.

Dungeon Overview and Level Annotations

Branches:
Dungeon (4/12)
 Temple: D:4-7

Altars:
Ashenzari


Innate Abilities, Weirdness & Mutations

You cannot wear most types of armour.
You are very stealthy in the water. (Stealth+)
You are amphibious.
You can wear up to eight rings at the same time.
You can use your tentacles to constrict eight enemies at once.
Your skin changes colour to match your surroundings (Stealth+).
Your rubbery body absorbs attacks. (AC +1, EV +1)


Message History

The worker ant is heavily wounded.
You constrict the worker ant. The worker ant bites you.
You are lethally poisoned!
The worker ant poisons you!
You are too injured to fight recklessly!
You hit the worker ant but do no damage.
The worker ant is heavily wounded.
You constrict the worker ant.
You feel sick. The worker ant barely misses you.
You are too injured to fight recklessly!
You hit the worker ant but do no damage.
The worker ant is severely wounded.
You constrict the worker ant.
* * * LOW HITPOINT WARNING * * *
You feel sick. The worker ant bites you.
* * * LOW HITPOINT WARNING * * *
You hit the worker ant.
The worker ant is almost dead.
You constrict the worker ant.
You kill the worker ant!
You die...

#....##..##...#
#....##..##...#
#.....+.......#
#.....#.......#
#....##..##...#
#....##..##...#
.............##
...............
....##.@##......
.... #..# ...##.
... ....# ..#
........# ..#
........# ..#
#########


There were no monsters in sight!

Vanquished Creatures
  A worker ant (D:4)
  A hound skeleton (D:4)
  3 adders
  2 dart slugs (D:1)
  2 giant cockroaches
  2 goblins (D:1)
  9 hobgoblins
  2 jackals (D:3)
  4 kobolds
  5 bats
  2 frilled lizards (D:1)
  5 rats
38 creatures vanquished.

Notes
Turn   | Place    | Note
-------+----------+-------------------------------------------
     0 | D:1      | Maedhros the Octopode Archaeologist began the quest for the
                  | Orb.
     0 | D:1      | Reached XP level 1. HP: 13/13 MP: 1/1
    44 | D:1      | Reached skill level 1 in Evocations
   139 | D:1      | Reached XP level 2. HP: 18/18 MP: 3/3
   519 | D:1      | Reached XP level 3. HP: 22/23 MP: 5/5
  1637 | D:3      | Reached XP level 4. HP: 15/28 MP: 6/6
  1886 | D:4      | Found a shattered altar of Ashenzari.
  2010 | D:4      | Succumbed to a worker ant's poison

Skill      XL: |  1  2  3  4 |
---------------+-------------+-----
Evocations     | 1 2 3 4 |  4.7
Fighting       | |  1.0
Maces & Flails | |  1.0
Dodging        | |  3.0
Stealth        | |  4.4

Action                   |  1- 3 |  4- 6 || total
-------------------------+-------+-------++-------
Melee: Whip              |    98 |    13 ||   111
       Constrict         |    22 |     3 ||    25
       Tentacles         |     4 |     3 ||     7
 Stab: Sleeping          |     7 |       ||     7
  Eat: Chunk             |     1 |       ||     1
       Ration            |       |     1 ||     1
Armor: Skin              |    18 |     2 ||    20
Dodge: Dodged            |    75 |     7 ||    82
Block: Buckler           |     2 |     1 ||     3
